 Dungeon Crawl Stone Soup version 0.31.0-7-gf635a9b802 (webtiles) character file.

Game seed: 8783941691692522755

3324 Esekla the Thaumaturge (level 9, -12/36 HPs)
             Began as a Spriggan Hedge Wizard on Jan 23, 2024.
             Was a Follower of Ashenzari.
             Mangled by a manticore (24 damage)
             ... on level 9 of the Dungeon on Jan 24, 2024.
             The game lasted 01:13:31 (9684 turns).

Esekla the Thaumaturge (Spriggan Hedge Wizard)      Turns: 9684, Time: 01:13:32

Health: -12/36     AC:  4    Str:  6    XL:     9   Next: 71%
Magic:  16/23      EV: 23    Int: 19    God:    Ashenzari [*.....]
Gold:   570        SH:  0    Dex: 21    Spells: 12/26 levels left

rFire   . . .        a - +0 dagger
rCold   . . .        (no shield)
rNeg    . . .        b - +0 robe "Shackled Awkwardness" {Bglg, Comp} (curse)
rPois   .            c - +0 hat "Perceptive Frustration" {Cun, Comp} (curse)
rElec   .            l - +1 cloak
rCorr   .            (gloves unavailable)
SInv    +            (boots unavailable)
Will    +....        (no amulet)
Stlth   ++++         v - +6 ring of dexterity
HPRegen 0.26/turn    E - ring of wizardry
MPRegen 0.18/turn

%: wizardry (x1)
@: very quick
A: very small, no large weapons, unfitting armour, see invisible, speed 3,
talons 1, frail 1, inability to read after injury 1, MP-powered wands,
persistent drain
a: Renounce Religion, Shatter the Chains


You were on level 9 of the Dungeon.
You worshipped Ashenzari.
Ashenzari was aware of your devotion.
You visited 2 branches of the dungeon, and saw 10 of its levels.

You collected 570 gold pieces.

Inventory:

Hand Weapons
 a - a +0 dagger (weapon)
Missiles
 x - 8 poisoned darts (quivered)
Armour
 b - the cursed +0 robe "Shackled Awkwardness" (worn) {Bglg, Comp}

   It has a curse which improves the following skills: Beguiling: Hexes and
   Translocations.
   Companions: Summonings and Necromancy.
 c - the cursed +0 hat "Perceptive Frustration" (worn) {Cun, Comp}

   It has a curse which improves the following skills: Cunning: Dodging and
   Stealth.
   Companions: Summonings and Necromancy.
 l - a +1 cloak (worn)
 s - +0 steam dragon scales
 A - a +0 buckler
Jewellery
 p - a ring of fire
 v - a +6 ring of dexterity (left hand)
 E - a ring of wizardry (right hand)
Wands
 D - a wand of charming (21)
 G - a wand of roots (11)
Scrolls
 e - a scroll of silence
 h - 2 scrolls of blinking
 m - 4 scrolls of enchant armour
 o - 4 scrolls of teleportation
 q - 6 scrolls of fog
 u - 2 scrolls of fear
 y - a scroll of amnesia
 C - a scroll of acquirement
 F - 3 scrolls of revelation
Potions
 d - a potion of magic
 f - 2 potions of haste
 i - a potion of invisibility
 n - a potion of cancellation
 r - a potion of lignification
 w - a potion of ambrosia
 z - a potion of resistance
 B - 4 potions of heal wounds


   Skills:
 + Level 0.9 Fighting
 + Level 2.7 Short Blades
 + Level 1.0 Throwing
 * Level 6.5(7.3) Dodging
 + Level 7.3(8.2) Stealth
 * Level 9.0 Spellcasting
 * Level 3.4 Conjurations
 - Level 0.7(1.3) Summonings
 + Level 3.5(4.2) Translocations
 * Level 3.0 Ice Magic
 * Level 3.9 Air Magic
 * Level 5.8 Alchemy


You had 12 spell levels left.
You knew the following spells:

 Your Spells              Type           Power      Damage    Failure   Level
a - Ozocubu's Armour      Ice            20%        N/A       2%          3
b - Blink                 Tloc           48%        N/A       1%          2
c - Mephitic Cloud        Conj/Alch/Air  25%        N/A       1%          3
d - Magic Dart            Conj           84%        1d7       1%          1
i - Irradiate             Conj/Alch      13%        3d16      14%         5

Your spell library contained the following spells:

 Spells                   Type           Power      Damage    Failure   Level
 Cigotuvi's Dreadful Rot  Necr/Alch/Air  42%        N/A       1%          2
 Call Imp                 Summ           26%        N/A       2%          2
 Slow                     Hex            32%        N/A       3%          1
 Sublimation of Blood     Necr           9%         N/A       4%          2
 Dazzling Flash           Conj/Hex       30%        N/A       4%          3
 Volatile Blastmotes      Fire/Tloc      32%        2d12      4%          3
 Petrify                  Alch/Erth      19%        N/A       10%         4
 Metabolic Englaciation   Hex/Ice        7%         N/A       43%         5
 Sculpt Simulacrum        Ice/Alch       12%        N/A       58%         6
 Starburst                Conj/Fire      7%         6d4       91%         6
 Ozocubu's Refrigeration  Ice            10%        4d9       100%        7
 Maxwell's Capacitive Co  Air            11%        ∞         100%        8
 Polar Vortex             Ice            10%        12d1*     100%        9


Dungeon Overview and Level Annotations

Branches:
Dungeon (9/15)             Temple (1/1) D:7
   Lair: D:8-11         Orc: D:9-12

Altars:
Ashenzari
Cheibriados
Dithmenos
Elyvilon
Fedhas
Gozag
Hepliaklqana
Kikubaaqudgha
Makhleb
Nemelex Xobeh
Okawaru
Qazlal
Ru
Sif Muna
Trog
Uskayaw
Vehumet
Wu Jian
Xom
Yredelemnul
Zin
The Shining One

Annotations:
D:5 Grinder


Innate Abilities, Weirdness & Mutations

You are very small and have problems with some larger weapons.
You are too small for most types of armour.
You have supernaturally acute eyesight. (SInv)
You cover ground extremely quickly. (Speed+++)
You have sharp toenails.
You are frail. (-10% HP)
You occasionally lose the ability to read scrolls when taking damage.
You expend magic power (3 MP) to strengthen your wands.
Your health recovers twice as slowly from being drained.


Message History

You hit the steam dragon but do no damage.
The steam dragon is severely wounded.
The steam dragon is engulfed in noxious fumes.
The steam dragon misses you. x2
You hit the steam dragon.
The steam dragon is severely wounded.
The manticore is engulfed in noxious fumes.
The manticore appears confused.
The steam dragon is engulfed in noxious fumes.
The steam dragon appears confused.
The steam dragon barely misses you. The steam dragon misses you.
You hit the steam dragon. You claw the steam dragon.
You kill the steam dragon!
The +0 steam dragon scales are intact enough to wear.
Your Spellcasting skill increases to level 9!
Your Ice Magic skill increases to level 3!
The manticore is engulfed in noxious fumes.
You barely miss the manticore. You hit the manticore.
You claw the manticore, but do no damage.
The manticore is lightly wounded.
The manticore misses you. The manticore completely misses you.
The manticore claws you!
You hit the manticore but do no damage.
You claw the manticore, but do no damage.
The manticore is lightly wounded.
You hit the manticore but do no damage. Your kick misses the manticore.
The manticore is lightly wounded.
The manticore bites you!!
Ouch! That really hurt!
The manticore barely misses you. The manticore closely misses you.
You strike the helpless manticore from behind!
You impale the manticore!! You claw the manticore.
The manticore is heavily wounded.
The manticore closely misses you. x2; The manticore misses you.
You hit the manticore. You claw the manticore.
The manticore is heavily wounded.
The manticore bites you!!
Ouch! That really hurt!
You die...

#.#.#.##.####.##.#
#.............##.#
#.......###.######.#
#.##....# #.....##.#
####.#######.##.#
..........##.#
#.##......##.#
......###.##.#
#........@...#
########H#### #.#
..# ##.# ###


You could see a manticore (confused).

Vanquished Creatures
  A cyclops (D:8)
  Sigmund (D:2)
  2 steam dragons (D:9)
  An acid dragon (D:8)
  A water moccasin (D:7)
  An orc warrior (D:7)
  A black bear (D:7)
  A sky beast (D:6)
  An ogre (D:6)
  2 centaurs (D:7)
  A phantom (D:7)
  4 bullfrogs
  3 scorpions
  A gnoll sergeant (D:6)
  2 wights (D:9)
  5 killer bees
  4 howler monkeys
  A bombardier beetle (D:5)
  3 orc priests
  A gnoll bouda (D:7)
  Crazy Yiuf (D:2)
  3 hounds
  2 jellies
  Terence (D:2)
  A sleepcap (D:5)
  4 orc wizards
  6 adders
  8 gnolls
  A shadow imp (D:8)
  4 ufetubi
  3 dart slugs
  20 orcs
  3 ball pythons
  9 endoplasms
  3 giant cockroaches (D:4)
  7 goblins
  11 hobgoblins
  15 kobolds
  4 quokkas
  11 bats
  7 frilled lizards
  2 rats (D:1)
163 creatures vanquished.

Notes
Turn   | Place    | Note
-------+----------+-------------------------------------------
     0 | D:1      | Esekla the Spriggan Hedge Wizard began the quest for the
                  | Orb.
     0 | D:1      | Reached XP level 1. HP: 9/9 MP: 6/6
   366 | D:1      | Reached XP level 2. HP: 10/13 MP: 2/8
   369 | D:1      | Learned a level 2 spell: Blink
  1241 | D:1      | Reached XP level 3. HP: 15/16 MP: 7/10
  1246 | D:1      | Learned a level 3 spell: Mephitic Cloud
  1387 | D:1      | Reached skill level 5 in Spellcasting
  1575 | D:2      | Noticed Terence
  1730 | D:2      | Found a runed translucent door.
  1731 | D:2      | Noticed Crazy Yiuf
  1908 | D:2      | Killed Crazy Yiuf
  1909 | D:2      | Reached skill level 1 in Conjurations
  1909 | D:2      | Reached XP level 4. HP: 21/21 MP: 0/12
  2066 | D:2      | Reached skill level 1 in Alchemy
  2164 | D:2      | Noticed Sigmund
  2252 | D:2      | Killed Terence
  2253 | D:2      | Reached skill level 1 in Air Magic
  2260 | D:2      | Killed Sigmund
  2261 | D:2      | Reached skill level 1 in Short Blades
  2261 | D:2      | Reached XP level 5. HP: 25/25 MP: 7/14
  2261 | D:2      | Reached XP level 6. HP: 29/29 MP: 7/15
  2345 | D:2      | Learned a level 3 spell: Ozocubu's Armour
  2860 | D:3      | Found a sparkling altar of Nemelex Xobeh.
  3312 | D:3      | Found a snail-covered altar of Cheibriados.
  3342 | D:3      | Found an iron altar of Okawaru.
  3628 | D:4      | Reached skill level 6 in Spellcasting
  4720 | D:5      | Entered Level 5 of the Dungeon
  4742 | D:5      | Noticed Grinder
  4835 | D:5      | Reached XP level 7. HP: 32/32 MP: 17/17
  4842 | D:5      | You fall into a shaft and drop 3 floors!
  4853 | D:8      | Noticed a cyclops
  4905 | D:7      | Found the +8 orange crystal plate armour {Archmagi, Int+3
                  | Clar}
  4920 | D:6      | Noticed a +0 short sword
  4920 | D:6      | Noticed a +0 dagger
  4920 | D:6      | Noticed a +0 spear
  4920 | D:6      | Noticed a +0 dagger
  4920 | D:6      | Noticed a +0 spear
  4920 | D:6      | Noticed a +0 falchion
  4922 | D:6      | Noticed a +0 falchion
  4923 | D:6      | Noticed a +0 short sword
  5429 | D:4      | Reached skill level 1 in Ice Magic
  5643 | D:5      | Reached skill level 7 in Spellcasting
  6334 | D:6      | Reached skill level 5 in Dodging
  6334 | D:6      | Reached XP level 8. HP: 35/37 MP: 7/19
  6381 | D:6      | Found a glowing silver altar of Zin.
  6498 | D:6      | Found an ancient bone altar of Kikubaaqudgha.
  6657 | D:6      | Reached skill level 5 in Stealth
  6786 | D:6      | Found a hide-covered altar of Uskayaw.
  7334 | D:7      | Learned a level 5 spell: Irradiate
  7399 | D:7      | Found a staircase to the Ecumenical Temple.
  7411 | Temple   | Entered the Ecumenical Temple
  7470 | Temple   | Became a worshipper of Ashenzari the Shackled
  7627 | D:7      | Reached skill level 5 in Alchemy
  7856 | D:7      | Reached XP level 9. HP: 40/40 MP: 11/21
  7990 | D:8      | Reached skill level 8 in Spellcasting
  8133 | D:7      | Gained mutation: You occasionally lose the ability to drink
                  | potions when taking damage. [potion of mutation]
  8133 | D:7      | Gained mutation: Your mind is acute. (Int +4, Str/Dex -1)
                  | [potion of mutation]
  8133 | D:7      | Gained mutation: You have sharp toenails. [potion of
                  | mutation]
  8258 | D:7      | Lost mutation: Your mind is acute. (Int +4, Str/Dex -1)
                  | [potion of mutation]
  8258 | D:7      | Lost mutation: You have sharp toenails. [potion of
                  | mutation]
  8258 | D:7      | Gained mutation: You expend magic power (3 MP) to
                  | strengthen your wands. [potion of mutation]
  8258 | D:7      | Gained mutation: You sometimes lose your temper in combat.
                  | [potion of mutation]
  8258 | D:7      | Gained mutation: Your muscles are strong. (Str +4, Int/Dex
                  | -1) [potion of mutation]
  8258 | D:7      | Gained mutation: Your muscles are very strong. (Str +8,
                  | Int/Dex -2) [potion of mutation]
  8259 | D:7      | Lost mutation: You expend magic power (3 MP) to strengthen
                  | your wands. [potion of mutation]
  8259 | D:7      | Lost mutation: Your muscles are very strong. (Str +8,
                  | Int/Dex -2) [potion of mutation]
  8259 | D:7      | Gained mutation: Your health recovers twice as slowly from
                  | being drained. [potion of mutation]
  8259 | D:7      | Gained mutation: You have a pair of small antennae on your
                  | head. [potion of mutation]
  8259 | D:7      | Gained mutation: You occasionally lose the ability to read
                  | scrolls when taking damage. [potion of mutation]
  8260 | D:7      | Lost mutation: You occasionally lose the ability to drink
                  | potions when taking damage. [potion of mutation]
  8260 | D:7      | Lost mutation: You have a pair of small antennae on your
                  | head. [potion of mutation]
  8260 | D:7      | Lost mutation: Your muscles are strong. (Str +4, Int/Dex
                  | -1) [potion of mutation]
  8260 | D:7      | Gained mutation: You expend magic power (3 MP) to
                  | strengthen your wands. [potion of mutation]
  8260 | D:7      | Lost mutation: You sometimes lose your temper in combat.
                  | [potion of mutation]
  8260 | D:7      | Gained mutation: You have sharp toenails. [potion of
                  | mutation]
  8461 | D:8      | Killed a cyclops
  8581 | D:8      | Found a shimmering blue altar of Sif Muna.
  8794 | D:8      | Reached skill level 1 in Throwing
  8794 | D:8      | Gained mutation: You are frail. (-10% HP) [mutagenic glow]
  9096 | D:8      | Identified a scroll of acquirement
  9216 | D:9      | Found a hazy altar of Hepliaklqana.
  9246 | D:9      | Found a stormy altar of Qazlal.
  9246 | D:9      | Found a radiant altar of Vehumet.
  9254 | D:9      | Found a bloodstained altar of Trog.
  9311 | D:9      | Found an ornate altar of the Wu Jian Council.
  9530 | D:9      | Found a burning altar of Makhleb.
  9595 | D:9      | Reached * piety under Ashenzari
  9659 | D:9      | Noticed a manticore
  9673 | D:9      | Reached skill level 9 in Spellcasting
  9684 | D:9      | Mangled by a manticore

Illustrated notes

Levels and vault maps discovered:
D:1:      dpeg_arrival_signposts, layout_loops_ring, serial_park_tiny_1
D:2:      layout_basic, serial_glass, glass_columns_b, glass_columns_a,
          glass_columns_a, glass_columns_c, glass_columns_a, glass_columns_a,
          uniq_terence, uniq_crazy_yiuf_cottage, uniq_sigmund
D:3:      layout_rooms, okawaru_gym_becter, nemelex_diamond_rough_becter,
          cheibriados_altar_1, kennysheep_big_empty_room, grunt_decor_cap
D:4:      layout_loops_ring, st_stairs_5, chequers_serial_rivers_micro_c
D:5:      minmay_evil_eye, layout_cave_pools, eino_tiny_chamber, uniq_grinder
D:6:      layout_cave_pools, amcnicky_altar_gilded, nicolae_uskayaw_en_pointe,
          zin_statuary, serial_column_ruins, column_ruins_open_medium,
          column_ruins_corridor_dead_end, column_ruins_open_tiny,
          column_ruins_grid_4, column_ruins_grid_1
D:7:      kennysheep_spiral_hall, layout_rooms, minmay_temple_entry_stoned_glass
D:8:      layout_cave_pools, lemuel_crystal_altar
D:9:      nicolae_cairo_tiling, layout_basic, mainiacjoe_overflow_alcove_2,
          chequers_temple_overflow_statue_of_worship, demons_altar,
          minmay_orc_entry_guard_dogs
Temple:   hellmonk_temple_forest_ring

Skill      XL: |  1  2  3  4  5  6  7  8  9 |
---------------+----------------------------+-----
Translocations | 2 3 |  3.5
Spellcasting   | 5 6 7 9 |  9.0
Dodging        | 3 4 5 6 |  6.5
Conjurations   | 1 2 3 |  3.4
Alchemy        | 1 2 3 5 |  5.8
Air Magic      | 1 2 3 |  3.9
Short Blades   | 1 2 |  2.7
Stealth        | 4 6 7 |  7.3
Ice Magic      | 1 2 3 |  3.0
Throwing       | 1 |  1.0
Fighting       | |  0.9
Summonings     | |  0.7

Action                     |  1- 3 |  4- 6 |  7- 9 || total
---------------------------+-------+-------+-------++-------
  Melee: Dagger            |    93 |   119 |   204 ||   416
         Punch             |       |     1 |     5 ||     6
         Kick              |       |       |    18 ||    18
  Throw: Dart              |       |     6 |    19 ||    25
   Cast: Magic Dart        |    75 |    91 |   110 ||   276
         Mephitic Cloud    |     3 |     7 |    40 ||    50
         Blink             |     1 |     4 |     9 ||    14
         Ozocubu's Armour  |       |       |     6 ||     6
         Irradiate         |       |       |     6 ||     6
 Invoke: Curse Item        |       |       |     2 ||     2
    Use: Scroll            |       |       |     8 ||     8
         Potion            |       |       |     7 ||     7
   Stab: Sleeping          |     5 |     3 |     7 ||    15
         Distracted        |     1 |     1 |       ||     2
         Confused          |     1 |     7 |    33 ||    41
 Armour: Robe              |    25 |    43 |    72 ||   140
  Dodge: Dodged            |    88 |   121 |   273 ||   482
